 Dungeon Crawl Stone Soup version 0.19-b1-3-g7dea586 (webtiles) character file.

237 tv1990 the Skirmisher (level 6, -1/50 HPs)
             Began as a Formicid Monk on Oct 29, 2016.
             Slain by a two-headed hydra (4 damage)
             ... on level 8 of the Dungeon.
             The game lasted 00:11:18 (2654 turns).

tv1990 the Skirmisher (Formicid Monk)               Turns: 2654, Time: 00:11:18

Health: -1/50      AC:  8    Str: 15    XL:     6   Next: 28%
Magic:  6/6        EV:  7    Int: 10    God:
Gold:   156        SH:  0    Dex: 15    Spells: 0 memorised, 5 levels left

rFire  . . .     SeeInvis +     a - +1 hand axe
rCold  . . .     Gourm    .     n - +0 chain mail
rNeg   . . .     Faith    .     (no shield)
rPois  .         Spirit   .     (helmet unavailable)
rElec  .         Reflect  .     (no cloak)
rCorr  .         Harm     .     (no gloves)
MR     .....                    (no boots)
Stlth  ..........               (no amulet)
                                (no ring)
                                (no ring)

@: no status effects
A: permanent stasis, dig shafts and tunnels, four strong arms, antennae 3
a: Dig, Shaft Self


You were on level 8 of the Dungeon.
You were very hungry.

You visited 1 branch of the dungeon, and saw 5 of its levels.

You collected 156 gold pieces.

Inventory:

Hand Weapons
 a - a +1 hand axe (weapon)
 f - a +0 flail
Armour
 b - a +0 robe
 d - a +0 leather armour
 h - a +0 ring mail
 n - a +0 chain mail (worn)
Wands
 l - a wand of random effects (19/48)
 o - a wand of flame (11/48)
Scrolls
 i - a scroll of identify
 m - a scroll of remove curse
Potions
 e - a potion of curing
 j - a potion of flight
Comestibles
 c - 3 bread rations
 g - 5 chunks of flesh
 k - a beef jerky
 p - a slice of pizza


   Skills:
 + Level 4.9 Fighting
 * Level 4.9 Axes
 + Level 2.1 Armour
 - Level 3.0 Dodging
 - Level 2.4 Stealth


You had 5 spell levels left.
You didn't know any spells.

Dungeon Overview and Level Annotations

Branches:
Dungeon (3/15)

Altars:

Annotations:
D:3 vev's ghost, amateur DrIE


Innate Abilities, Weirdness & Mutations

You are under a permanent stasis effect.
You can dig through walls and to a lower floor.
Your four strong arms can wield two-handed weapons with a shield.
You have a pair of large antennae on your head. (SInv)


Message History

You begin to dig a shaft.
You continue digging a shaft.
The iguana bites you!
* * * LOW HITPOINT WARNING * * *
A shaft appears beneath you!
You fall through a shaft for 3 floors!
The shaft crumbles and collapses.
A hydra and a big kobold come into view.
The two-headed hydra roars!
The big kobold shouts!
Found a halberd and 2 meat rations.
Are you sure you want to shaft yourself?
You are feeling very hungry.
The big kobold hits you but does no damage.
The two-headed hydra bites you.
* * * LOW HITPOINT WARNING * * *
The two-headed hydra barely misses you.
You begin to dig a shaft.
You continue digging a shaft.
The big kobold hits you but does no damage.
The two-headed hydra bites you but does no damage.
The two-headed hydra bites you.
You die...

####
{{
+%D#
{{
{#@K#
##+#
{


You could see a two-headed hydra and a big kobold.

Vanquished Creatures
  Natasha (twice) (D:3)
  Robin (D:3)
  4 gnolls
  3 adders
  A worm (D:3)
  A dart slug (D:2)
  3 leopard geckos
  A ball python (D:3)
  10 bats
  6 giant cockroaches
  18 goblins
  13 hobgoblins
  8 jackals (D:3)
  2 quokkas
  10 frilled lizards
  7 kobolds
  9 rats
  A plant (D:2)
100 creatures vanquished.

Notes
Turn   | Place    | Note
-------+----------+-------------------------------------------
     0 | D:1      | tv1990 the Formicid Monk began the quest for the Orb.
     0 | D:1      | Reached XP level 1. HP: 18/18 MP: 1/1
    90 | D:1      | Reached XP level 2. HP: 12/24 MP: 2/2
   536 | D:1      | Reached XP level 3. HP: 18/30 MP: 3/3
  1098 | D:2      | Reached XP level 4. HP: 31/37 MP: 4/4
  1847 | D:2      | Reached skill level 1 in Armour
  1853 | D:2      | Reached XP level 5. HP: 17/43 MP: 5/5
  2132 | D:3      | Noticed Natasha
  2154 | D:3      | Killed Natasha
  2295 | D:3      | Noticed Robin
  2357 | D:3      | Killed Robin
  2406 | D:3      | Reached XP level 6. HP: 48/49 MP: 6/6
  2515 | D:3      | Noticed Natasha
  2523 | D:3      | Killed Natasha
  2595 | D:3      | Noticed vev's ghost (amateur DrIE)
  2632 | D:3      | You fall through a shaft for 2 floors!
  2632 | D:5      | Entered Level 5 of the Dungeon
  2652 | D:5      | You fall through a shaft for 3 floors!
  2652 | D:8      | Noticed a two-headed hydra
  2654 | D:8      | Slain by a two-headed hydra

Skill      XL: |  1  2  3  4  5  6 |
---------------+-------------------+-----
Dodging        | 3 |  3.0
Fighting       | 4 |  4.9
Axes           | 4 |  4.9
Armour         | 1 2 |  2.1
Stealth        | |  2.4

Action                   |  1- 3 |  4- 6 || total
-------------------------+-------+-------++-------
Melee: Hand axe          |   113 |   317 ||   430
 Abil: Dig               |       |     6 ||     6
       Shaft Self        |       |     3 ||     3
  Use: Scroll            |     2 |     8 ||    10
       Potion            |       |     7 ||     7
 Stab: Sleeping          |     1 |       ||     1
  Eat: Chunk             |     1 |     6 ||     7
Armor: Leather armour    |    27 |       ||    27
       Ring mail         |     4 |    16 ||    20
       Chain mail        |       |   135 ||   135
Dodge: Dodged            |    87 |   115 ||   202

Table legend:
 A = Turns spent in this place as a percentage of turns spent in the entire game.
 B = Non-inter-level travel turns spent in this place as a percentage of non-inter-level travel turns spent in the entire game.
 C = Inter-level travel turns spent in this place as a percentage of turns spent in this place.
 D = Turns resting spent in this place as a percentage of non-inter-level travel turns spent in this place.
 E = Turns spent auto-exploring this place as a percentage of non-inter-level travel turns spent in this place.
 F = Non-inter-level travel turns spent in this place divided by the number of levels of this place that you've seen.
                   A       B       C       D       E      F
               +-------+-------+-------+-------+-------+----------------------
         Total | 100.0 | 100.0 |   0.2 |   1.9 |  12.9 | 198.4
       Dungeon | 100.0 | 100.0 |   0.2 |   1.9 |  12.9 | 198.4
               +-------+-------+-------+-------+-------+----------------------

Table legend:
 A = Kills in this place as a percentage of kills in entire the game.
 B = Kills by you in this place as a percentage of kills by you in the entire game.
 C = Kills by friends in this place as a percentage of kills by friends in the entire game.
 D = Other kills in this place as a percentage of other kills in the entire game.
 E = Experience gained in this place as a percentage of experience gained in the entire game.
 F = Experience gained in this place divided by the number of levels of this place that you have seen.
                   A       B       C       D       E      F
               +-------+-------+-------+-------+-------+----------------------
         Total | 100.0 | 100.0 |  -nan |  -nan | 100.0 |  67.8
       Dungeon | 100.0 | 100.0 |  -nan |  -nan | 100.0 |  67.8
               +-------+-------+-------+-------+-------+----------------------

Vault maps used:
D:1:      scummos_arrival_star, patterned_corridor
D:2:      first_bread, serial_bayou_lagoon_a
D:3:      kennysheep_goblin_castle, minmay_divided_ellipse, uniq_robin,
          uniq_natasha
D:5:      corexii_shack_village, kennysheep_mini, nemelex_altar_shiori,
          uniq_eustachio
D:8:      david_lair_generic, hangedman_ranch
